 Dungeon Crawl Stone Soup version 0.21.1-1-g345015f (webtiles) character file.

8 shakethe the Chopper (level 2, 15/22 HPs)
             Began as a Demonspawn Gladiator on Feb 27, 2018.
             Quit the game on level 1 of the Dungeon.
             The game lasted 00:00:23 (235 turns).

shakethe the Chopper (Demonspawn Gladiator)          Turns: 235, Time: 00:00:24

Health: 15/22      AC:  4    Str: 14    XL:     2   Next: 0%
Magic:  2/2        EV: 12    Int:  9    God:
Gold:   6          SH:  0    Dex: 14    Spells: 1/1 levels left

rFire    . . .     SeeInvis .   a - +0 war axe
rCold    . . .     Gourm    .   (no shield)
rNeg     . . .     Faith    .   b - +0 leather armour
rPois    .         Spirit   .   c - +0 helmet
rElec    .         Reflect  .   (no cloak)
rCorr    .         Harm     .   (no gloves)
MR       .....                  (no boots)
Stlth    +.........             (no amulet)
HPRegen  0.07/turn              (no ring)
MPRegen  0.08/turn              (no ring)

@: no status effects
A: rot immunity
a: no special abilities


You were on level 1 of the Dungeon.
You were not hungry.

You visited 1 branch of the dungeon, and saw 1 of its levels.

You collected 6 gold pieces.

Inventory:

Hand Weapons
 a - a +0 war axe (weapon)
Missiles
 d - 3 throwing nets {=f, !d}
Armour
 b - a +0 leather armour (worn)
 c - a +0 helmet (worn)
Scrolls
 e - a scroll of blinking {unknown}
 g - a scroll of magic mapping {unknown}
Potions
 h - a potion of lignification {unknown}
Comestibles
 f - 2 rations


   Skills:
 + Level 2.1 Fighting
 * Level 3.0 Axes
 - Level 1.7 Throwing
 + Level 2.8 Dodging


You had one spell level left.
You didn't know any spells.

Dungeon Overview and Level Annotations

Branches:
Dungeon (1/15)

Altars:


Innate Abilities, Weirdness & Mutations

You are immune to rotting.


Message History

No target in view!
e - a scroll labeled YRCHUD RYNAL A goblin comes into view.
The goblin shouts!
A goblin is nearby!
The goblin closely misses you.
You closely miss the goblin. The goblin hits you but does no damage.
You closely miss the goblin. The goblin hits you but does no damage.
You barely miss the goblin. The goblin hits you but does no damage.
The goblin barely misses you.
You closely miss the goblin. The goblin hits you but does no damage.
You barely miss the goblin. The goblin hits you but does no damage.
The goblin barely misses you.
You closely miss the goblin. The goblin hits you.
You take 1 damage, and have 15/16 hp.
You barely miss the goblin. The goblin barely misses you.
You slash the goblin!
You kill the goblin!
g - a scroll labeled SEERYP GEUH A rat comes into view.
The rat moves out of view.
Health restored: 16 The rat is too close now for your liking.
A rat is nearby!
The rat bites you but does no damage.
You closely miss the rat. The rat misses you.
You hit the rat.
You kill the rat!
A kobold comes into view.
You see here a rat corpse.
A kobold is nearby!
The kobold shouts!
The kobold closely misses you.
You barely miss the kobold. The kobold hits you but does no damage.
You slash the kobold!
You kill the kobold!
A goblin comes into view.
A goblin is nearby!
You hit the goblin. The goblin hits you. The goblin barely misses you.
You take 2 damage, and have 14/16 hp.
You barely miss the goblin. The goblin hits you.
You take 1 damage, and have 13/16 hp.
You slash the goblin!
You kill the goblin!
No target in view!
No target in view!
No target in view!
No target in view!
No target in view!
You see here a goblin corpse.
Found a stone staircase leading down.
No target in view!
No target in view!
No target in view!
No target in view!
No target in view!
No target in view!
No target in view!
h - a ruby potion No target in view!
No target in view!
No target in view!
No target in view!
No target in view!
No target in view!
No target in view!
No target in view!
No target in view!
A rat comes into view.
A rat comes into view.
You barely miss the rat. The rat bites you.
The rat bites you but does no damage.
You take 3 damage, and have 11/16 hp.
You hit the rat.
You kill the rat!
Found a grey potion.
Found a stone staircase leading down.
You closely miss the rat. The rat bites you but does no damage.
You closely miss the rat.
The rat bites you but does no damage. x2
You closely miss the rat. The rat bites you but does no damage.
You closely miss the rat. The rat bites you but does no damage.
You slash the rat!
You kill the rat!
You see here a rat corpse.
A bat comes into view.
The bat hits you but does no damage. The bat hits you.
You take 1 damage, and have 10/16 hp.
You closely miss the bat. The bat hits you but does no damage. x2
The bat barely misses you. The bat completely misses you. The bat misses you.
The bat hits you but does no damage.
You barely miss the bat. The bat closely misses you.
The bat completely misses you. The bat hits you but does no damage.
You slash the bat!
You kill the bat!
Your Axes skill increases to level 3!
You have reached level 2!
Your demonic ancestry asserts itself...
You feel immune to rotting.
You regained 4 hp, and now have 15/22 hp.
MP restored: 2

###.....###....#....##...
..#######.....##....#....
............###....##....
##.......####.....##....
.#########^......##...#
.....#....(...####(...#
.....#.....####.......#
############..........#
..... ....###@.>!..# .# #
##......## ## #..........
.##############.#######.#
.†.........>.†..(...... #
.............####......
####.....####### ......
#####........ .....
######### .....


There were no monsters in sight!

Vanquished Creatures
  A bat (D:1)
  3 goblins (D:1)
  A kobold (D:1)
  3 rats (D:1)
8 creatures vanquished.

Notes
Turn   | Place    | Note
-------+----------+-------------------------------------------
     0 | D:1      | shakethe the Demonspawn Gladiator began the quest for the Orb.
     0 | D:1      | Reached XP level 1. HP: 16/16 MP: 1/1
   234 | D:1      | Reached skill level 3 in Axes
   234 | D:1      | Gained mutation: You are immune to rotting. [demonic ancestry]
   234 | D:1      | Reached XP level 2. HP: 15/22 MP: 2/2
   235 | D:1      | Quit the game

Skill      XL: |  1 |
---------------+----+-----
Axes           | 3 |  3.0
Fighting       | |  2.1
Throwing       | |  1.7
Dodging        | |  2.8

Action                   || total
-------------------------++-------
Melee: War axe           ||    26
Armor: Leather armour    ||    18
Dodge: Dodged            ||    12

Vault maps used:
D:1:      dpeg_arrival_circle_labyrinth_c

Table legend:
 A = Turns spent in this place as a percentage of turns spent in the entire game.
 B = Non-inter-level travel turns spent in this place as a percentage of non-inter-level travel turns spent in the entire game.
 C = Inter-level travel turns spent in this place as a percentage of turns spent in this place.
 D = Turns resting spent in this place as a percentage of non-inter-level travel turns spent in this place.
 E = Turns spent auto-exploring this place as a percentage of non-inter-level travel turns spent in this place.
 F = Non-inter-level travel turns spent in this place divided by the number of levels of this place that you've seen.
                   A       B       C       D       E      F
               +-------+-------+-------+-------+-------+----------------------
         Total | 100.0 | 100.0 |   0.0 |   0.0 |  71.9 | 235.0
       Dungeon | 100.0 | 100.0 |   0.0 |   0.0 |  71.9 | 235.0
               +-------+-------+-------+-------+-------+----------------------

Table legend:
 A = Kills in this place as a percentage of kills in entire the game.
 B = Kills by you in this place as a percentage of kills by you in the entire game.
 C = Kills by friends in this place as a percentage of kills by friends in the entire game.
 D = Other kills in this place as a percentage of other kills in the entire game.
 E = Experience gained in this place as a percentage of experience gained in the entire game.
 F = Experience gained in this place divided by the number of levels of this place that you have seen.
                   A       B       C       D       E      F
               +-------+-------+-------+-------+-------+----------------------
         Total | 100.0 | 100.0 |   N/A |   N/A | 100.0 |  12.0
       Dungeon | 100.0 | 100.0 |   N/A |   N/A | 100.0 |  12.0
               +-------+-------+-------+-------+-------+----------------------
